 Dungeon Crawl Stone Soup version 0.30-a0-618-gd6c86c23d0 (webtiles) character file.

Game seed: 12517521226300214544

30245 Dirtsage the Slicer (level 13, -3/99 HPs)
             Began as a Demonspawn Fighter on Jan 9, 2023.
             Was a High Priest of Ru.
             Slain by a catoblepas (13 damage)
             ... on level 4 of the Lair of Beasts.
             The game lasted 00:45:16 (14919 turns).

Dirtsage the Slicer (Demonspawn Fighter)           Turns: 14919, Time: 00:45:17

Health: -3/99      AC: 23    Str: 17    XL:     13   Next: 19%
Magic:  13/13      EV: 13    Int:  8    God:    Ru [*****.]
Gold:   779        SH:  5    Dex: 17    Spells: 8/12 levels left

rFire   . . .      SeeInvis .    L - +2 rapier (flame)
rCold   . . .      Faith    .    (no shield)
rNeg    . . .      Spirit   .    J - +4 scale mail
rPois   +          Reflect  +    D - +0 helmet
rElec   .          Harm     .    F - +2 cloak {Will+}
rCorr   .          Rampage  .    (gloves unavailable)
Will    +....                    k - +1 pair of boots Stlth
                                 p - amulet of reflection
HPRegen 0.36/turn                P - ring of poison resistance
MPRegen 0.26/turn                T - +4 ring of protection

@: no status effects
A: thin metallic scales 2, dopey 1, ignite blood 1, magic regeneration,
inability to use devices, no air magic, no summoning magic, no transmutations
magic, unskilled 1, demonic touch 3
a: Renounce Religion, Draw Out Power, Power Leap, Apocalypse


You were on level 4 of the Lair of Beasts.
You worshipped Ru.
Ru was extremely pleased with you.
You visited 3 branches of the dungeon, and saw 15 of its levels.
You also visited: Sewer and Ossuary.

You collected 914 gold pieces.
You spent 135 gold pieces at shops.

Inventory:

Hand Weapons
 a - a +0 long sword
 I - a +2 short sword of freezing
 L - a +2 rapier of flaming (weapon)
 V - a +2 quick blade of protection
Missiles
 G - a throwing net (quivered)
 R - a curare-tipped dart
Armour
 b - a +0 scale mail
 c - a +0 buckler
 k - a +1 pair of boots (worn)
 D - a +0 helmet (worn)
 F - a +2 cloak of willpower (worn)
 J - a +4 scale mail (worn)
 M - a +0 pair of gloves
Magical Staves
 r - a staff of conjuration
 X - a staff of air
Jewellery
 p - an amulet of reflection (around neck)
 v - an amulet of faith
 C - a ring of resist corrosion
 E - a ring of fire
 P - a ring of poison resistance (left hand)
 S - a +6 ring of intelligence
 T - a +4 ring of protection (right hand)
Scrolls
 e - 8 scrolls of enchant weapon
 g - 3 scrolls of fear
 i - a scroll of identify
 j - 4 scrolls of amnesia
 m - 6 scrolls of vulnerability
 o - 2 scrolls of immolation
 s - a scroll of magic mapping
 t - 10 scrolls of teleportation
 x - a scroll of torment
 y - 5 scrolls of poison
 A - a scroll of silence
 B - a scroll of blinking
 H - a scroll of enchant armour
 N - a scroll of fog
 O - a scroll of summoning
Potions
 d - a potion of might
 f - 4 potions of curing {unknown}
 h - 5 potions of haste
 l - 5 potions of heal wounds
 n - a potion of resistance
 q - a potion of invisibility
 u - 5 potions of attraction {unknown}
 w - 2 potions of flight
 z - 4 potions of mutation
 K - 2 potions of brilliance
 Q - a potion of experience {unknown}
 U - a potion of lignification
 W - a potion of ambrosia


   Skills:
 + Level 8.4 Fighting
 * Level 10.1(11.8) Short Blades
 - Level 9.7(11.6) Long Blades
 - Level 2.4 Armour
 + Level 7.0 Dodging
 - Level 5.7 Shields
 + Level 6.9 Translocations


You had 8 spell levels left.
You knew the following spells:

 Your Spells              Type           Power      Damage    Failure   Level
a - Manifold Assault      Tloc           11%        N/A       63%         4

Your spell library contained the following spells:

 Spells                   Type           Power      Damage    Failure   Level
 Portal Projectile        Hex/Tloc       10%        N/A       71%         3
 Leda's Liquefaction      Hex/Erth       0%         N/A       100%        4
 Fireball                 Conj/Fire      0%         3d3       100%        5
 Iskenderun's Battlesphe  Conj           0%         2d6       100%        5
 Dispersal                Tloc           5%         N/A       100%        6
 Orb of Destruction       Conj           0%         9d5       100%        7
 Disjunction              Tloc           5%         N/A       100%        8
 Call Canine Familiar     Summ           Unusable   N/A       N/A         3
 Conjure Ball Lightning   Conj/Air       Unusable   3x3d6     N/A         6

Dungeon Overview and Level Annotations

Branches:
Dungeon (10/15)            Temple (1/1) D:6            Lair (4/5) D:9
  Swamp (0/4) Lair:2        Snake (0/4) Lair:2          Orc (0/2) D:10
  Sewer (visited)         Ossuary (visited)
  Slime: Lair:4-5

Altars:
Ashenzari
Cheibriados
Fedhas
Gozag
Makhleb
Qazlal
Ru
Uskayaw
Wu Jian
Xom
Yredelemnul

Shops:
D:4 [

Annotations:
D:2 1 runed translucent door, Crazy Yiuf


Innate Abilities, Weirdness & Mutations

You are mostly covered in thin metallic scales. (AC +3)
You are dopey. (Int -2)
Your demonic aura sometimes causes spilled blood to erupt in flames.
You regenerate magic rapidly.
You cannot study or use magical devices.
You cannot study or cast Air magic.
You cannot study or cast Summoning magic.
You cannot study or cast Transmutations magic.
You are somewhat unskilled. (-1 Apt)
Your touch may irresistibly damage your foes and sap their willpower.


Message History

You take 22 damage, and have 21/99 hp.
MASSIVE DAMAGE!!
You puncture the catoblepas! You burn the catoblepas.
The catoblepas is lightly wounded.
You block the catoblepas's attack.
You hit the catoblepas. You burn the catoblepas.
The catoblepas is lightly wounded.
You hit the catoblepas but do no damage.
The catoblepas is lightly wounded.
The catoblepas breathes a plume of calcifying dust at you.
The blast of calcifying dust hits you but does no damage.
The catoblepas gores you!
* * * LOW HITPOINT WARNING * * *
You take 14 damage, and have 8/99 hp.
You puncture the catoblepas! You burn the catoblepas.
You touch the catoblepas!
You sap its willpower!
The catoblepas is moderately wounded.
You hit the catoblepas but do no damage.
The catoblepas is moderately wounded.
The catoblepas is engulfed in blazing flames.
The catoblepas breathes a plume of calcifying dust at you.
The blast of calcifying dust hits you but does no damage.
The catoblepas attacks as you move away!
The catoblepas closely misses you.
The catoblepas is engulfed in blazing flames.
You hit the catoblepas but do no damage.
The catoblepas is severely wounded.
The catoblepas begins to attack, but is stunned by your conviction!
You hit the catoblepas. You burn the catoblepas.
The catoblepas is severely wounded.
You hit the catoblepas but do no damage.
The catoblepas is severely wounded.
The catoblepas gores you but does no damage.
You hit the catoblepas but do no damage.
You touch the catoblepas!!
You sap its willpower!
The catoblepas is almost dead.
The catoblepas breathes a plume of calcifying dust at you.
The blast of calcifying dust hits you but does no damage.
The catoblepas attacks as you move away!
The catoblepas gores you!
You die...

.#.......# #....+......#....
..........## ##...###.........
.P.#.....#.# #...###.##.#....
.........#########...##...###....
###........P#.##.......#.###...<.
#........................Y.....
.#............[.............Y...
..........................Y.....
..............Y@§§..............
.............§.§......^.........
.#..............§..#.#....###...
.##...............#####..# #...
#....†#.###.##...# ##.# #...
......###...#.###..## ..# #...
..P....#...........# ... #...
..## #.........#..# ... ..... .
#.........# # ... #....


You could see a catoblepas (weak-willed).

Vanquished Creatures
  The ghost of Qenutwie the Cleaver, a journeyman HOCA of Ignis (Lair:3)
  A hydra (Lair:3)
  2 two-headed ogres (D:9)
  Pikel (D:9)
  4 black mambas
  10 cane toads
  A rime drake (Lair:2)
  3 kobold demonologists (D:9)
  2 komodo dragons
  2 polar bears
  A queen bee (Lair:3)
  2 hornets (Lair:3)
  13 blink frogs
  A meliai (Lair:3)
  7 dream sheep (Lair:4)
  Sigmund (D:7)
  4 wyverns (D:9)
  57 yaks
  3 basilisks
  A steam dragon (D:7)
  Edmund (D:7)
  4 nagas (Lair:2)
  10 water moccasins
  5 ice beasts
  4 black bears
  A sky beast (D:6)
  A hornet zombie (D:6)
  12 wolves
  2 centaurs
  2 phantoms
  6 kobold brigands
  9 bullfrogs
  2 gnoll sergeants
  A wyvern zombie (D:6)
  3 scorpions
  7 wights
  A water moccasin zombie (D:6)
  17 killer bees
  5 electric eels (Lair:2)
  A howler monkey (D:9)
  3 centaur zombies (D:6)
  A bullfrog zombie (D:6)
  4 hounds
  3 jellies
  2 orc priests
  A gnoll bouda (D:7)
  6 orc wizards
  Natasha (thrice) (D:2)
  4 iguanas
  2 killer bee zombies (D:6)
  3 mummies
  A howler monkey zombie (D:6)
  Robin (D:4)
  11 gnolls
  8 adders
  3 river rats (Sewer)
  A shadow imp (D:5)
  3 white imps
  2 ufetubi (D:4)
  3 worms (D:2)
  2 dart slugs
  27 orcs
  2 spectral bats (Ossuary)
  7 endoplasms
  4 giant cockroaches
  12 gnoll zombies (Ossuary)
  14 goblins
  9 hobgoblins
  5 jackals
  15 kobolds
  3 quokkas
  11 ball pythons
  9 bats
  2 bat simulacra (Ossuary)
  2 frilled lizards
  3 goblin simulacra (Ossuary)
  5 goblin zombies
  7 hobgoblin zombies
  2 kobold simulacra (Ossuary)
  8 kobold zombies
  4 orc zombies
  10 rats
  2 rat simulacra (Ossuary)
  4 spectral goblins (Ossuary)
  6 spectral kobolds (Ossuary)
  4 spectral rats (Ossuary)
455 creatures vanquished.

Vanquished Creatures (others)
  2 wolves
  2 adders (D:3)
  An endoplasm (D:3)
  2 goblins (D:3)
  2 hobgoblins (D:3)
  A quokka (D:3)
  A kobold (D:3)
  A bush (D:9)
  17 fungi
  19 plants
48 creatures vanquished.

Grand Total: 503 creatures vanquished

Notes
Turn   | Place    | Note
-------+----------+-------------------------------------------
     0 | D:1      | Dirtsage the Demonspawn Fighter began the quest for the
                  | Orb.
     0 | D:1      | Reached XP level 1. HP: 18/18 MP: 1/1
   114 | D:1      | Gained mutation: You are partially covered in thin metallic
                  | scales. (AC +2) [demonic ancestry]
   114 | D:1      | Reached XP level 2. HP: 4/24 MP: 2/2
   526 | D:1      | Gained mutation: You regenerate magic rapidly. [demonic
                  | ancestry]
   526 | D:1      | Reached XP level 3. HP: 27/29 MP: 3/3
  1254 | D:2      | Gained mutation: Your touch may inflict minor irresistible
                  | damage on your foes. [demonic ancestry]
  1254 | D:2      | Reached XP level 4. HP: 35/35 MP: 4/4
  1345 | D:2      | Found a faded altar of an unknown god.
  1422 | D:2      | Identified the +7 falchion of Xecoepty {heavy, Fly Will+
                  | rCorr}
  1576 | D:2      | Noticed Natasha
  1581 | D:2      | Killed Natasha
  1680 | D:2      | Noticed Natasha
  1691 | D:2      | Killed Natasha
  1699 | D:2      | Noticed Natasha
  1704 | D:2      | Killed Natasha
  1705 | D:2      | Gained mutation: Your demonic aura sometimes causes spilled
                  | blood to erupt in flames. [demonic ancestry]
  1705 | D:2      | Reached XP level 5. HP: 36/41 MP: 5/5
  1754 | D:2      | Found a runed translucent door.
  1755 | D:2      | Noticed Crazy Yiuf
  1872 | D:3      | Reached skill level 5 in Long Blades
  1875 | D:3      | Found a shimmering altar of Xom.
  1876 | D:3      | Noticed an ice beast
  1926 | D:3      | Killed an ice beast
  2692 | D:4      | Noticed Robin
  2709 | D:4      | Reached XP level 6. HP: 47/47 MP: 6/6
  2965 | D:4      | Killed Robin
  3073 | D:4      | Found Ruorr's Antique Armour Shop.
  3082 | D:4      | Bought an embroidered cloak for 135 gold pieces
  3240 | D:4      | Gained mutation: Your touch may inflict irresistible damage
                  | on your foes. [demonic ancestry]
  3240 | D:4      | Reached XP level 7. HP: 24/48 MP: 7/7
  3478 | D:5      | Entered Level 5 of the Dungeon
  3873 | D:5      | Found a glowing drain.
  3895 | Sewer    | Entered a sewer
  4794 | D:6      | Found a staircase to the Ecumenical Temple.
  4802 | D:6      | Reached XP level 8. HP: 57/58 MP: 8/8
  4813 | Temple   | Entered the Ecumenical Temple
  5010 | Temple   | Became a worshipper of Ru the Awakened
  5230 | D:6      | Reached skill level 10 in Long Blades
  5293 | D:6      | Found a sand-covered staircase.
  5300 | Ossuary  | Entered an ossuary
  5519 | Ossuary  | Gained mutation: You cannot study or use magical devices.
                  | [Ru sacrifice]
  5519 | Ossuary  | Reached * piety under Ru
  5519 | Ossuary  | Reached ** piety under Ru
  5792 | D:6      | Reached skill level 1 in Short Blades
  5961 | D:6      | Reached XP level 9. HP: 64/64 MP: 9/9
  6066 | D:6      | Reached skill level 1 in Dodging
  6106 | D:6      | Reached skill level 2 in Short Blades
  6137 | D:6      | Learned a level 4 spell: Manifold Assault
  6158 | D:7      | Found Ovodo's Armour Shop.
  6373 | D:7      | Reached skill level 1 in Translocations
  6384 | D:7      | Reached skill level 3 in Short Blades
  6868 | D:7      | Reached skill level 4 in Short Blades
  6961 | D:7      | Noticed Sigmund
  6968 | D:7      | Killed Sigmund
  6982 | D:7      | Noticed Edmund
  6989 | D:7      | Killed Edmund
  7129 | D:8      | Gained mutation: You are dopey. (Int -2) [Ru sacrifice]
  7129 | D:8      | Reached *** piety under Ru
  7142 | D:8      | Gained mutation: Your touch may irresistibly damage your
                  | foes and sap their willpower. [demonic ancestry]
  7142 | D:8      | Reached XP level 10. HP: 61/73 MP: 10/10
  7409 | D:8      | Reached skill level 5 in Fighting
  7525 | D:8      | Reached skill level 5 in Short Blades
  7960 | D:9      | Found an opulent altar of Gozag.
  7978 | D:9      | Noticed a two-headed ogre
  8003 | D:9      | Killed a two-headed ogre
  8257 | D:9      | Noticed Pikel
  8270 | D:9      | Noticed a two-headed ogre
  8274 | D:9      | Killed Pikel
  8275 | D:9      | Reached skill level 5 in Shields
  8298 | D:9      | Reached skill level 6 in Short Blades
  8517 | D:9      | Found a staircase to the Lair.
  8668 | D:9      | Noticed a rust devil
  8689 | D:9      | Noticed a smoke demon
  8693 | D:9      | Noticed a soul eater
  8705 | D:9      | Noticed a soul eater
  8708 | D:9      | Noticed an orange demon
  8984 | D:9      | Gained mutation: You cannot study or cast Air magic. [Ru
                  | sacrifice]
  8984 | D:9      | Gained mutation: You cannot study or cast Transmutations
                  | magic. [Ru sacrifice]
  8984 | D:9      | Gained mutation: You cannot study or cast Summoning magic.
                  | [Ru sacrifice]
  8984 | D:9      | Reached **** piety under Ru
  8989 | D:9      | Gained mutation: You are mostly covered in thin metallic
                  | scales. (AC +3) [demonic ancestry]
  8989 | D:9      | Reached XP level 11. HP: 46/81 MP: 11/11
  9038 | D:9      | Reached skill level 7 in Short Blades
  9224 | D:9      | Killed a two-headed ogre
  9658 | D:10     | Entered Level 10 of the Dungeon
  9709 | D:10     | Found a staircase to the Orcish Mines.
  9748 | D:10     | Reached skill level 5 in Dodging
  9824 | Lair:1   | Entered Level 1 of the Lair of Beasts
 10224 | Lair:1   | Reached skill level 5 in Translocations
 10473 | Lair:1   | Reached skill level 8 in Short Blades
 10568 | Lair:1   | Gained mutation: You are somewhat unskilled. (-1 Apt) [Ru
                  | sacrifice]
 10568 | Lair:1   | Reduced skill Short Blades to level 7
 10568 | Lair:1   | Reduced skill Shields to level 5
 10568 | Lair:1   | Reached ***** piety under Ru
 10792 | Lair:1   | Reached skill level 5 in Dodging
 10802 | Lair:1   | Reached skill level 5 in Translocations
 11207 | Lair:1   | Identified 2 scrolls of acquirement
 11212 | Lair:1   | Acquired an amulet of reflection
 11213 | Lair:1   | Acquired a +2 quick blade of protection
 11322 | Lair:2   | Found a staircase to the Swamp.
 11428 | Lair:2   | Found a staircase to the Snake Pit.
 11918 | Lair:2   | Reached skill level 8 in Short Blades
 11918 | Lair:2   | Reached XP level 12. HP: 69/80 MP: 12/12
 13164 | Lair:3   | Noticed a four-headed hydra
 13186 | Lair:3   | Killed a four-headed hydra
 13345 | Lair:3   | Reached skill level 9 in Short Blades
 13631 | Lair:3   | Found a transporter.
 13797 | Lair:3   | Found a transporter.
 13942 | Lair:3   | Noticed Qenutwie's ghost (journeyman HOCA)
 14029 | Lair:3   | Killed Qenutwie's ghost
 14056 | Lair:3   | Identified the +10 battleaxe of Acuh {venom, rC- Will++}
 14276 | Lair:3   | Reached XP level 13. HP: 98/98 MP: 13/13
 14687 | Lair:4   | Reached skill level 10 in Short Blades
 14919 | Lair:4   | Slain by a catoblepas

Illustrated notes

Levels and vault maps discovered:
D:1:      eino_arrival_cavern_b, layout_loops_ring
D:2:      layout_loops_ring, hellmonk_ecumenical_altar_heavens_door,
          nicolae_hexahallways, uniq_crazy_yiuf_cottage, uniq_natasha
D:3:      layout_loops_ring, xom_confusion_cloud
D:4:      minmay_clustersquares, layout_basic, serial_shops,
          nicolae_lakefront_shop, hangedman_decor_growths, uniq_robin
D:5:      layout_gridville, portal_sewer_entry_d
D:6:      layout_rooms, minmay_temple_entry_large_hall, serial_undead,
          serial_undead_d, serial_undead_d, serial_undead_a, serial_undead_c,
          nicolae_ossuary_entry_giza, nicolae_lava_and_water,
          minmay_mini_ossuary
D:7:      layout_cave_pools, serial_shops, nicolae_stop_n_shop_1,
          minmay_misc_feat_five, st_stairs_5, sigmund_edmund_badplayer
D:8:      layout_rooms, minmay_fountain_box
D:9:      layout_irregular_city, nicolae_gozag_cash_rules_everything_around_me,
          minmay_lair_entry_grove, uniq_pikel
D:10:     layout_long_grid, orc_0_dummy
Temple:   mainiacjoe_temple_big_plus
Lair:1:   layout_cave_pods
Lair:2:   wander_river, layout_cave_pods, minmay_swamp_entry_eels,
          guppyfry_snake_entry_island, lemuel_fruit_tree, serial_bayou_shore_b
Lair:3:   statuecave_lemuel, layout_gridlike, gammafunk_ghost_hive
Lair:4:   layout_regular_city

Skill      XL: |  1  2  3  4  5  6  7  8  9 10 11 12 13 |
---------------+----------------------------------------+-----
Long Blades    | 2 3 4 5 7 8 10 9 |  9.7
Short Blades   | 1 4 6 8 9 10 | 10.1
Dodging        | 3 4 5 6 7 |  7.0
Shields        | 4 5 5 |  5.7
Translocations | 2 4 5 6 |  6.9
Fighting       | 4 6 6 8 |  8.4
Armour         | |  2.4

Action                   |  1- 3 |  4- 6 |  7- 9 | 10-12 | 13-15 || total
-------------------------+-------+-------+-------+-------+-------++-------
Melee: Long sword        |   119 |   129 |   244 |       |       ||   492
       Touch             |       |    20 |   111 |   169 |    17 ||   317
       Punch             |       |     2 |     8 |    11 |     1 ||    22
       Rapier            |       |       |   263 |   702 |   101 ||  1066
       Quick blade       |       |       |       |    63 |       ||    63
Throw: Throwing net      |       |       |     2 |       |       ||     2
Invok: Sacrifice Artific |       |       |     1 |       |       ||     1
       Sacrifice Purity  |       |       |     1 |       |       ||     1
       Draw Out Power    |       |       |       |     1 |       ||     1
       Sacrifice Arcana  |       |       |       |     1 |       ||     1
       Power Leap        |       |       |       |     1 |       ||     1
       Apocalypse        |       |       |       |     1 |       ||     1
       Sacrifice Skill   |       |       |       |     1 |       ||     1
  Use: Potion            |       |     1 |       |     3 |       ||     4
       Scroll            |       |       |     1 |    23 |       ||    24
 Stab: Held in net/web   |       |       |     2 |       |       ||     2
       Invisible         |       |       |     1 |     3 |     2 ||     6
       Distracted        |       |       |       |     3 |     2 ||     5
       Paralysed         |       |       |       |       |     1 ||     1
Armor: Scale mail        |    53 |    57 |   315 |   315 |    23 ||   763
Dodge: Dodged            |    36 |    70 |   225 |   330 |    17 ||   678
Block: Buckler           |    29 |       |       |       |       ||    29
       Other             |       |       |       |    53 |    11 ||    64
       Reflection        |       |       |       |     1 |       ||     1

Table legend: (Time is in decaauts)
 A = Elapsed time spent in this place.
 B = Non-inter-level travel time spent in this place.
 C = Inter-level travel time spent in this place.
 D = Time resting spent in this place.
 E = Time spent auto-exploring this place.
 F = Levels seen in this place.
 G = Mean time per level.
                   A        B        C        D        E       F      G
               +--------+--------+--------+--------+--------+-----+--------+
         Total |  14699 |  14130 |    569 |    638 |  10439 |  17 |  864.6 |
       Dungeon |   8923 |   8586 |    337 |    211 |   6501 |  10 |  892.3 |
        Temple |    227 |    198 |     29 |      0 |    188 |   1 |  227.0 |
          Lair |   4895 |   4693 |    202 |    427 |   3386 |   4 | 1223.8 |
         Sewer |    316 |    316 |      0 |      0 |    190 |   1 |  316.0 |
       Ossuary |    336 |    336 |      0 |      0 |    173 |   1 |  336.0 |
               +--------+--------+--------+--------+--------+-----+--------+

Top non-repeatable levels by time:
     D:9: 1715 daAuts
  Lair:1: 1650 daAuts
  Lair:3: 1496 daAuts
  Lair:2: 1443 daAuts
     D:5: 1058 daAuts
     D:4: 952 daAuts
     D:1: 910 daAuts
     D:2: 907 daAuts
     D:6: 904 daAuts
     D:8: 787 daAuts
     D:7: 786 daAuts
     D:3: 756 daAuts
 Ossuary: 336 daAuts
   Sewer: 316 daAuts
  Lair:4: 305 daAuts
